cohdb
Replays
Latest Replays
All Replays
Popular Replays
Top Player Replays
Match Explorer
How It Works
Community
CoH3 Stats
Reddit
Sign in to upload your games and track your stats! →
Sign in with Steam
Match 39757512
Unlisted
Match 39757512
Overview
Messages
Build Orders
End
Construct Barracks
Selects Heavy Weapons
Riflemen Squad
Engineer Squad
Riflemen Squad
Riflemen Squad
Construct Weapon Support Center
Selects M2HB .50cal Heavy Machine Gun
M1919 Machine Gun Team
Infantry Support Center
braindamage
Solimanator
Fallschirmjäger1943
Nashorn101
0
0
Comments
sign in to comment!
No comments posted yet!